 Dungeon Crawl Stone Soup version 0.31-a0-112-gdf0485fa37 (webtiles) character file.

Game seed: 12766775992481885540

2229 browni3141 the Skirmisher (level 9, -1/68 HPs)
             Began as a Barachi Hunter on May 28, 2023.
             Was a Priest of Okawaru.
             Slain by a human
             ... wielding a +0 war axe
              (16 damage)
             ... in a bailey on May 29, 2023.
             The game lasted 00:16:21 (5687 turns).

browni3141 the Skirmisher (Barachi Hunter)          Turns: 5687, Time: 00:16:22

Health: -1/68      AC:  5    Str: 18    XL:     9   Next: 36%
Magic:  24/24      EV: 15    Int:  9    God:    Okawaru [***...]
Gold:   769        SH:  0    Dex: 21    Spells: 8/8 levels left

rFire   . . .        b - +2 dagger (elec)
rCold   . . .        (no shield)
rNeg    + . .        c - +0 leather armour
rPois   .            (no helmet)
rElec   .            (no cloak)
rCorr   .            i - +0 pair of gloves
SInv    .            z - +0 pair of boots
Will    .....        w
                       - Hermit's Pendant {Faith Invo=14 Evo=0 MP+5}
Stlth   +++          e - ring of positive energy
HPRegen 0.31/turn    r - +6 ring of strength
MPRegen 0.19/turn

%: faith
@: unable to hop, slow
A: amphibious, slowness 1, strong legs 1, +LOS
a: Hop, Renounce Religion, Heroism


You were in a bailey.
You worshipped Okawaru.
Okawaru was most pleased with you.
You visited 1 branch of the dungeon, and saw 7 of its levels.
You also visited: Bailey.

You collected 769 gold pieces.

Inventory:

Hand Weapons
 a - a +0 arbalest
 b - a +2 dagger of electrocution (weapon)
 n - a +0 shortbow
Missiles
 x - 6 curare-tipped darts
 D - 2 throwing nets
Armour
 c - a +0 leather armour (worn)
 i - a +0 pair of gloves (worn)
 z - a +0 pair of boots (worn)
Jewellery
 e - a ring of positive energy (left hand)
 k - a ring of fire
 r - a +6 ring of strength (right hand)
 w - the Hermit's Pendant (around neck) {Faith Invo=14 Evo=0 MP+5}
   (You found it on level 5 of the Dungeon)

   [amulet of faith]

   Invo=14: It sets your Invocations skill to 14.
   Evo=0: It sets your Evocations skill to 0.
   It allows you to gain divine favour quickly.
   MP:        It affects your magic capacity (+5).
 y - a ring of willpower
Wands
 u - a wand of iceblast (9)
 F - a wand of polymorph (8)
 I - a wand of paralysis (9)
Scrolls
 d - a scroll of fog
 h - 2 scrolls of immolation
 j - 4 scrolls of butterflies
 o - a scroll of blinking
 p - a scroll of noise
 s - a scroll of brand weapon
 B - a scroll of amnesia
 C - a scroll of magic mapping
 G - a scroll of vulnerability {unknown}
Potions
 f - 3 potions of degeneration {unknown}
 g - 4 potions of curing {unknown}
 l - 3 potions of invisibility {unknown}
 m - a potion of heal wounds {unknown}
 q - a potion of haste {unknown}
 t - 2 potions of ambrosia {unknown}
 v - a potion of enlightenment {unknown}
 A - a potion of attraction {unknown}
 E - 2 potions of mutation {unknown}
 H - a potion of might {unknown}


   Skills:
 - Level 5.0 Fighting
 * Level 10.1 Ranged Weapons
 - Level 6.0 Dodging
 + Level 4.6 Stealth


You had 8 spell levels left.
You didn't know any spells.
Your spell library contained the following spells:

 Spells                   Type           Power      Damage    Failure   Level
 Magic Dart               Conj           0%         1d3       43%         1
 Sting                    Tmut/Pois      0%         1d3       43%         1
 Poisonous Vapours        Pois/Air       0%         N/A       58%         2
 Mephitic Cloud           Conj/Pois/Air  0%         N/A       82%         3
 Stone Arrow              Conj/Erth      0%         3d7       82%         3
 Olgreb's Toxic Radiance  Pois           0%         N/A       99%         4
 Lehudib's Crystal Spear  Conj/Erth      0%         10d2      100%        8
 Call Imp                 Summ           Unusable   N/A       N/A         2
 Animate Armour           Summ/Erth      Unusable   N/A       N/A         4

Dungeon Overview and Level Annotations

Branches:
Dungeon (7/15)             Temple (0/1) D:5          Bailey (1/1)

Altars:
Fedhas
Hepliaklqana
Okawaru
Vehumet
Wu Jian
Yredelemnul

Shops:
D:4 =   D:6 *

Annotations:
D:7 exclusions: iguana and 2 killer bees, Prince Ribbit


Innate Abilities, Weirdness & Mutations

You are amphibious.
You cover ground slowly.
You can hop short distances.
You have an extended range of vision and can be seen from far away.


Message History

The human is severely wounded.
The human splashes around in the water.
You hit the human but do no damage.
The human is severely wounded.
The human splashes around in the water.
You closely miss the human.
The human is severely wounded.
The human splashes around in the water.
You barely miss the human.
The human is severely wounded.
The human hits you with a +0 war axe!
You hit the human but do no damage.
The human is severely wounded.
The human hits you with a +0 war axe.
* * * LOW HITPOINT WARNING * * *
You completely miss the human.
The human is severely wounded.
The human splashes around in the water.
You miss the human.
The human is severely wounded.
The human barely misses you.
Aiming: Paralyse
Press: ? - help, Shift-Dir - straight line, f/p - human
Aim: a human, wielding a +0 war axe and wearing a +0 ring mail (severely wounded, chance to affect: 49%)
Okay, then.
You hit the human but do no damage.
The human is severely wounded.
The human hits you with a +0 war axe.
* * * LOW HITPOINT WARNING * * *
Unknown command.
Aiming: Iceblast
Press: ? - help, Shift-Dir - straight line, p - human The mass of ice explodes!
The iceblast engulfs the human!
The human is almost dead.
You hear a shout! x6
An orc opens the door.
A human comes into view. It is wielding a +0 war axe.
An orc warrior comes into view. It is wielding a +0 hand axe.
The human hits you with a +0 war axe!
You die...

#.....# #.∩.∩.#
######.....#
##....##...####
#..p...#'#'#~~##
#....#..g.#~~~~~#
#.. ##...#~~)~~#
# #...#~~p~~#
#)..##~~@##
#..####'## #).+


opo ####...p ##... #.o. ##.. #g# ## You could see 3 humans, an orc warrior, 2
orcs and a hobgoblin (wandering).

Vanquished Creatures
  A human (Bailey)
  A water moccasin (D:5)
  2 orc warriors
  An ice beast (D:6)
  2 ogres
  A sky beast (D:7)
  4 bullfrogs
  3 scorpions
  A howler monkey (D:6)
  7 jellies
  5 hounds
  4 orc priests
  3 iguanas
  5 orc wizards
  6 gnolls
  9 adders
  4 white imps
  A worm (D:2)
  2 dart slugs (D:4)
  15 orcs
  5 bats
  7 endoplasms
  2 giant cockroaches (D:4)
  10 goblins
  13 hobgoblins
  3 quokkas
  A ball python (D:4)
  5 frilled lizards
  10 kobolds
  6 rats
139 creatures vanquished.

Notes
Turn   | Place    | Note
-------+----------+-------------------------------------------
     0 | D:1      | browni3141 the Barachi Hunter began the quest for the Orb.
     0 | D:1      | Reached XP level 1. HP: 17/17 MP: 1/1
    76 | D:1      | Reached XP level 2. HP: 23/23 MP: 2/2
   233 | D:1      | Reached skill level 5 in Ranged Weapons
   233 | D:1      | Reached XP level 3. HP: 11/28 MP: 3/3
   812 | D:2      | Reached XP level 4. HP: 34/34 MP: 4/4
  1902 | D:4      | Reached skill level 6 in Ranged Weapons
  2075 | D:4      | Found Otham's Jewellery Emporium.
  2163 | D:4      | Found an ornate altar of the Wu Jian Council.
  2191 | D:4      | Reached XP level 5. HP: 39/39 MP: 5/5
  2500 | D:4      | Found an iron altar of Okawaru.
  2590 | D:4      | Became a worshipper of Warmaster Okawaru
  2638 | D:4      | Found a hazy altar of Hepliaklqana.
  2643 | D:4      | Found a basalt altar of Yredelemnul.
  2649 | D:4      | Reached XP level 6. HP: 41/47 MP: 6/6
  2786 | D:5      | Entered Level 5 of the Dungeon
  2786 | D:5      | Found the Hermit's Pendant {Faith Invo=14 Evo=0 MP+5}
  2889 | D:5      | Found a blossoming altar of Fedhas.
  3169 | D:5      | Reached * piety under Okawaru
  3205 | D:5      | Found a staircase to the Ecumenical Temple.
  3219 | D:5      | Reached XP level 7. HP: 48/53 MP: 17/17
  3375 | D:5      | Reached skill level 7 in Ranged Weapons
  3568 | D:5      | Reached skill level 5 in Dodging
  4072 | D:6      | Reached skill level 1 in Stealth
  4084 | D:6      | Reached XP level 8. HP: 13/61 MP: 18/18
  4250 | D:6      | Found a radiant altar of Vehumet.
  4267 | D:6      | Reached ** piety under Okawaru
  4535 | D:6      | Reached skill level 8 in Ranged Weapons
  4549 | D:6      | Reached skill level 5 in Fighting
  4925 | D:5      | Identified a scroll of acquirement
  4931 | D:5      | Acquired 499 gold pieces
  4946 | D:6      | Found Avigum's Elemental Accessories.
  4981 | D:6      | Identified the +0 mace of Gosoa {flame, Will+ Int-4 Stlth+}
  5210 | D:7      | Noticed Prince Ribbit
  5211 | D:7      | Reached skill level 9 in Ranged Weapons
  5322 | D:7      | Reached XP level 9. HP: 54/68 MP: 19/19
  5506 | D:7      | Reached *** piety under Okawaru
  5520 | D:7      | Found a flagged portal.
  5531 | Bailey   | Entered a bailey
  5620 | Bailey   | Reached skill level 10 in Ranged Weapons
  5687 | Bailey   | Slain by a human

Illustrated notes

Levels and vault maps discovered:
D:1:      tarquinn_simple_flora_water_b, layout_rooms, grunt_decor_resistance
D:2:      layout_loops_ring, grunt_ministairs_10, minmay_crystal_room
D:3:      minmay_general_purpose_star, layout_loops_ring
D:4:      layout_loops_ring, nzn_wu_jian_contemplation, kennysheep_mini,
          mainiacjoe_overflow_big_doors, serial_shops, shop_fountains
D:5:      layout_gridville, mainiacjoe_overflow_small_starburst,
          minmay_temple_entry_statues_pillars, st_stairs_3, serial_bayou_pond_d
D:6:      nicolae_cairo_tiling_large, layout_rooms,
          nicolae_overflow_crystal_walls, nicolae_elemental_shop
D:7:      layout_rooms, enter_bailey_3, st_stairs_6, sigmund_army,
          uniq_prince_ribbit1
Bailey:   bailey_axe_froggy_fort_hellmonk, bailey

Skill      XL: |  1  2  3  4  5  6  7  8  9 |
---------------+----------------------------+-----
Ranged Weapons | 5 6 7 9 10 | 10.1
Dodging        | 3 4 5 6 |  6.0
Fighting       | 3 4 5 |  5.0
Stealth        | 1 3 4 |  4.6

Action                     |  1- 3 |  4- 6 |  7- 9 || total
---------------------------+-------+-------+-------++-------
  Melee: Dagger            |     3 |    38 |   114 ||   155
         Punch             |       |       |     2 ||     2
   Fire: Shortbow          |    85 |   109 |   124 ||   318
         Arbalest          |       |       |    66 ||    66
 Invoke: Heroism           |       |       |     4 ||     4
Ability: Hop               |       |       |     5 ||     5
  Evoke: Wand              |       |     1 |     2 ||     3
    Use: Scroll            |       |       |     9 ||     9
 Armour: Leather armour    |     9 |    17 |    36 ||    62
  Dodge: Dodged            |    26 |    46 |   153 ||   225

Table legend: (Time is in decaauts)
 A = Elapsed time spent in this place.
 B = Non-inter-level travel time spent in this place.
 C = Inter-level travel time spent in this place.
 D = Time resting spent in this place.
 E = Time spent auto-exploring this place.
 F = Levels seen in this place.
 G = Mean time per level.
                   A        B        C        D        E       F      G
               +--------+--------+--------+--------+--------+-----+--------+
         Total |   6424 |   6151 |    273 |    556 |   4255 |   8 |  803.0 |
       Dungeon |   6257 |   5984 |    273 |    476 |   4217 |   7 |  893.9 |
        Bailey |    167 |    167 |      0 |     80 |     37 |   1 |  167.0 |
               +--------+--------+--------+--------+--------+-----+--------+

Top non-repeatable levels by time:
     D:5: 1411 daAuts
     D:6: 1190 daAuts
     D:4: 1139 daAuts
     D:2: 816 daAuts
     D:3: 678 daAuts
     D:1: 639 daAuts
     D:7: 382 daAuts
  Bailey: 167 daAuts
